 Dungeon Crawl Stone Soup version 0.28-a0-863-g8cecda6153 (webtiles) character file.

Game seed: 10449001661057960846

421 Crownlay the Cudgeller (level 6, -2/59 HPs)
             Began as a Troll Berserker on Nov 16, 2021.
             Was a Priest of Trog.
             Slain by a centaur skeleton (4 damage)
             ... on level 5 of the Dungeon.
             The game lasted 00:06:40 (2733 turns).

Crownlay the Cudgeller (Troll Berserker)            Turns: 2733, Time: 00:06:41

Health: -2/59      AC:  4    Str: 28    XL:     6   Next: 62%
Magic:  5/5        EV: 10    Int:  3    God:    Trog [***...]
Gold:   183        SH:  0    Dex:  9    Spells: 5/5 levels left

rFire   . . .      SeeInvis .   m - +0 flail (protect)
rCold   . . .      Faith    .   (no shield)
rNeg    . . .      Spirit   .   b - +0 animal skin
rPois   .          Reflect  .   (helmet restricted)
rElec   .          Harm     .   (no cloak)
rCorr   .          Rampage  .   (gloves unavailable)
Will    .....                   (boots unavailable)
Stlth   +.........              (no amulet)
HPRegen 1.19/turn               i - ring of flight
MPRegen 0.09/turn               (no ring)

@: lethally poisoned (-2 -> -2), on berserk cooldown, flying, slowed, very slow
A: large, unfitting armour, claws 3, regeneration 1, shaggy fur 1, tough skin 1
a: Renounce Religion, Berserk, Trog's Hand


You were on level 5 of the Dungeon.
You worshipped Trog.
Trog was most pleased with you.
You visited 1 branch of the dungeon, and saw 5 of its levels.

You collected 183 gold pieces.

Inventory:

Hand Weapons
 m - a +0 flail of protection (weapon)
Missiles
 d - 7 boomerangs (quivered)
Armour
 b - a +0 animal skin (worn)
Jewellery
 i - a ring of flight (left claw)
Scrolls
 a - a scroll of acquirement {unknown}
 c - 2 scrolls of identify {unknown}
 e - 2 scrolls of teleportation {unknown}
 f - a scroll of amnesia {unknown}
 h - a scroll of silence {unknown}
 j - a scroll of summoning {unknown}
 k - a scroll of blinking {unknown}
Potions
 g - 2 potions of invisibility {unknown}
 l - a potion of curing {unknown}


   Skills:
 - Level 2.4 Fighting
 + Level 5.4 Maces & Flails
 - Level 4.0 Throwing
 - Level 2.4 Dodging


You had 5 spell levels left.
You didn't know any spells.
Your spell library was empty.

Dungeon Overview and Level Annotations

Branches:
Dungeon (5/15)
 Temple: D:4-7

Altars:
Cheibriados
Zin

Shops:
D:5 [


Innate Abilities, Weirdness & Mutations

You are too large for most types of armour.
You have claws for hands.
Your natural rate of healing is unusually fast.
You are covered in fur. (AC +1)
You have tough skin. (AC +1)


Message History

You are poisoned.
The scorpion poisons you!
The phantom hits you but does no damage.
The gnoll barely misses you.
The centaur skeleton hits you but does no damage.
The centaur skeleton closely misses you.
You barely miss the phantom.
The phantom is heavily damaged.
You are no longer berserk.
You are exhausted.
You feel yourself slow down.
You feel very sick. The gnoll closely misses you. The scorpion stings you.
The phantom hits you.
The centaur skeleton closely misses you.
The centaur skeleton kicks you but does no damage.
The gnoll barely misses you.
You thump the gnoll!
You kill the gnoll!
Trog accepts your kill.
You feel very sick.
The scorpion stings you but does no damage.
The centaur skeleton hits you but does no damage.
The centaur skeleton barely misses you.
The gnoll hits you from afar with a +0 spear.
* * * LOW HITPOINT WARNING * * *
The phantom hits you but does no damage.
The scorpion stings you.
* * * LOW HITPOINT WARNING * * *
The centaur skeleton hits you but does no damage.
The centaur skeleton closely misses you.
The gnoll hits you but does no damage.
You feel very sick. The scorpion barely misses you.
The phantom completely misses you.
You feel sick. The scorpion stings you!
* * * LOW HITPOINT WARNING * * *
The centaur skeleton hits you but does no damage.
The centaur skeleton barely misses you.
There is a stone staircase leading up here.
You feel sick. The centaur skeleton hits you.
You die...

......##.. ...
#.........
...####.........
................
. #.....<......
..#......>...#
.............#
.........@∩..#
.......)WsZ..##.
..#..)).g.......
............#....
............# ...
.................
.................
#...#......#....
#...#...........


You could see a phantom, a scorpion, a gnoll and a centaur skeleton.

Vanquished Creatures
  A water moccasin (D:5)
  A water moccasin skeleton (D:4)
  An iguana (D:3)
  2 orc wizards (D:4)
  A hound skeleton (D:4)
  4 gnolls
  6 adders
  An ufetubus (D:4)
  An adder skeleton (D:4)
  A worm (D:3)
  6 orcs
  8 ball pythons
  10 endoplasms
  4 giant cockroaches
  4 goblins
  7 hobgoblins
  2 jackals (D:3)
  4 kobolds (D:1)
  2 quokkas
  9 bats
  10 frilled lizards
  4 rats
89 creatures vanquished.

Vanquished Creatures (others)
  4 toadstools (D:1)
4 creatures vanquished.

Grand Total: 93 creatures vanquished

Notes
Turn   | Place    | Note
-------+----------+-------------------------------------------
     0 | D:1      | Crownlay the Troll Berserker began the quest for the Orb.
     0 | D:1      | Reached XP level 1. HP: 22/22 MP: 0/0
   142 | D:1      | Reached skill level 3 in Maces & Flails
   242 | D:1      | Found a faded altar of an unknown god.
   252 | D:1      | Reached XP level 2. HP: 29/29 MP: 1/1
   413 | D:1      | Reached XP level 3. HP: 22/36 MP: 2/2
   914 | D:2      | Reached ** piety under Trog
   988 | D:2      | Reached skill level 4 in Maces & Flails
   988 | D:2      | Reached skill level 1 in Throwing
  1385 | D:2      | Found a snail-covered altar of Cheibriados.
  1534 | D:3      | Reached XP level 4. HP: 34/44 MP: 3/3
  1787 | D:3      | Reached XP level 5. HP: 50/50 MP: 4/4
  1832 | D:3      | You fall into a shaft and drop 1 floor!
  2042 | D:4      | Reached *** piety under Trog
  2215 | D:3      | Found a glowing silver altar of Zin.
  2353 | D:4      | Reached XP level 6. HP: 59/59 MP: 5/5
  2359 | D:4      | Identified the +1 scale mail of Dishonesty {Dex+2}
  2706 | D:5      | Entered Level 5 of the Dungeon
  2706 | D:5      | Noticed a water moccasin
  2706 | D:5      | Found Quat's Antique Armour Shop.
  2723 | D:5      | Killed a water moccasin
  2724 | D:5      | Reached skill level 5 in Maces & Flails
  2732 | D:5      | HP: 1/59 [scorpion (8)]
  2733 | D:5      | Slain by a centaur skeleton

Illustrated notes

Levels and vault maps discovered:
D:1:      ldierk_water_garden, layout_loops_ring,
          dreamdust_ecumenical_altar_statues,
          nicolae_concentric_dashed_squares_wild
D:2:      layout_basic, basic_altar, minmay_distorted
D:3:      layout_rooms, zin_statuary
D:4:      layout_loops_cross, kennysheep_donut
D:5:      layout_basic, serial_shops, shop

Skill      XL: |  1  2  3  4  5  6 |
---------------+-------------------+-----
Maces & Flails | 3 4 5 |  5.4
Throwing       | 1 2 3 4 |  4.0
Fighting       | |  2.4
Dodging        | |  2.4

Action                   |  1- 3 |  4- 6 || total
-------------------------+-------+-------++-------
Melee: Mace              |   143 |    85 ||   228
       Flail             |       |    54 ||    54
Throw: Boomerang         |     2 |    10 ||    12
Invok: Berserk           |     2 |     2 ||     4
       Trog's Hand       |     1 |       ||     1
 Stab: Sleeping          |     1 |       ||     1
Armor: Animal skin       |    65 |   104 ||   169
Dodge: Dodged            |    95 |   122 ||   217

Table legend: (Time is in decaauts)
 A = Elapsed time spent in this place.
 B = Non-inter-level travel time spent in this place.
 C = Inter-level travel time spent in this place.
 D = Time resting spent in this place.
 E = Time spent auto-exploring this place.
 F = Levels seen in this place.
 G = Mean time per level.
                   A        B        C        D        E       F      G
               +--------+--------+--------+--------+--------+-----+--------+
         Total |   2813 |   2707 |    106 |      0 |   2042 |   5 |  562.6 |
       Dungeon |   2813 |   2707 |    106 |      0 |   2042 |   5 |  562.6 |
               +--------+--------+--------+--------+--------+-----+--------+

Top non-repeatable levels by time:
     D:2: 781 daAuts
     D:1: 712 daAuts
     D:4: 712 daAuts
     D:3: 582 daAuts
     D:5: 24 daAuts
